 Dungeon Crawl Stone Soup version 0.31.0-11-ge490571c62 (webtiles) character file.

Game seed: 413808601465886249

508 qw the Shooter (level 6, -1/30 HPs)
             Began as a Spriggan Hunter on Feb 3, 2024.
             Slain by a killer bee (4 damage)
             ... on level 5 of the Dungeon.
             The game lasted 00:01:13 (2950 turns).

qw the Shooter (Spriggan Hunter)                    Turns: 2950, Time: 00:01:14

Health: -1/30      AC:  4    Str:  7    XL:     6   Next: 98%
Magic:  7/7        EV: 26    Int: 10    God:
Gold:   170        SH:  0    Dex: 21    Spells: 5/5 levels left

rFire   + + .        a - +0 shortbow
rCold   . . .        (shield currently unavailable)
rNeg    . . .        l - +2 robe {rF+}
rPois   .            (helmet restricted)
rElec   .            (no cloak)
rCorr   .            (gloves unavailable)
SInv    +            (boots unavailable)
Will    +....        g - amulet of regeneration
Stlth   ++           h - +5 ring of evasion
HPRegen 1.05/turn    i - ring of protection from fire
MPRegen 0.10/turn

%: no passive effects
@: lethally poisoned (-1 -> -3), very quick
A: very small, no large weapons, unfitting armour, see invisible, speed 3
a: no special abilities


You were on level 5 of the Dungeon.
You visited 1 branch of the dungeon, and saw 5 of its levels.

You collected 214 gold pieces.
You spent 44 gold pieces at shops.


Innate Abilities, Weirdness & Mutations

You are very small and have problems with some larger weapons.
You are too small for most types of armour.
You have supernaturally acute eyesight. (SInv)
You cover ground extremely quickly. (Speed+++)


   Skills:
 - Level 2.2 Fighting
 - Level 7.0 Ranged Weapons
 + Level 6.0 Dodging
 - Level 1.5 Stealth


You had 5 spell levels left.
You didn't know any spells.
Your spell library was empty.

Inventory:

Hand Weapons
 a - a +0 shortbow (weapon)
Armour
 l - a +2 robe of fire resistance (worn)
Jewellery
 g - an amulet of regeneration (around neck)
 h - a +5 ring of evasion (left hand)
 i - a ring of protection from fire (right hand)
Wands
 b - a wand of flame (25)
Scrolls
 c - a scroll of enchant armour
 d - a scroll of identify
 j - a scroll of acquirement {unknown}
 k - 2 scrolls of torment {unknown}
Potions
 f - 4 potions of heal wounds

Dungeon Overview and Level Annotations

Branches:
Dungeon (5/15)
 Temple: D:4-7

Altars:
Elyvilon
Gozag
Kikubaaqudgha
Sif Muna
The Shining One

Shops:
D:2 ?   D:4 (


Message History

You shoot an arrow.
The arrow closely misses the killer bee.
The arrow hits the killer bee!
You kill the killer bee!
You feel sick. The killer bee completely misses you.
Your Ranged Weapons skill increases to level 7!
You shoot an arrow.
The arrow closely misses the killer bee.
You feel sick. The killer bee closely misses you.
The killer bee completely misses you.
Enter note:
Enter note:
Enter note: You shoot an arrow.
The arrow closely misses the killer bee.
You feel sick.
You are no longer poisoned.
The killer bee barely misses you. x2; The killer bee completely misses you.
The killer bee barely misses you. The killer bee completely misses you.
You shoot an arrow. The arrow hits the killer bee.
The killer bee is severely wounded.
The killer bee closely misses you. The killer bee completely misses you.
The killer bee stings you.
You are poisoned.
The killer bee poisons you! The killer bee closely misses you.
The killer bee misses you. The killer bee closely misses you.
The killer bee stings you.
You are more poisoned.
The killer bee poisons you! The killer bee misses you.
You shoot an arrow.
The arrow hits the killer bee but does no damage.
The killer bee is severely wounded.
You feel very sick. The killer bee stings you. The killer bee misses you.
The killer bee barely misses you. The killer bee closely misses you.
The killer bee misses you. The killer bee completely misses you.
You shoot an arrow.
The arrow closely misses the killer bee.
You feel sick. The killer bee stings you. x2
You die...

. ......<............. .
....................
............$....... #
.....................#
#########'####%...##...#
...###.....###'#####...#
...%...................#
...#...........yy......#
...#...........y@......#
...##..................#
...##......#####+###...#
...##......# ###
...##......#
...#.........
...#..........
...#..........
...#.......##


You could see 3 killer bees.

Vanquished Creatures
  A scorpion (D:5)
  2 killer bees (D:5)
  4 bombardier beetles
  A hound (D:2)
  A jelly (D:5)
  Jessica (D:2)
  An orc wizard (D:4)
  Natasha (D:4)
  3 adders
  A ribbon worm (D:2)
  8 orcs (D:4)
  2 ball pythons
  3 bats
  5 endoplasms
  6 giant cockroaches
  5 goblins
  2 hobgoblins (D:1)
  2 jackals (D:5)
  2 quokkas (D:4)
  3 frilled lizards
  4 kobolds
  6 rats
64 creatures vanquished.

Notes
Turn   | Place    | Note
-------+----------+-------------------------------------------
     0 | D:1      | qw the Spriggan Hunter began the quest for the Orb.
     0 | D:1      | Reached XP level 1. HP: 10/10 MP: 2/2
     0 | D:1      | 0 ||| qw: Version: 0.3-a-155-g5e7d8dd
     0 | D:1      | 0 ||| qw: Game counter: 3200
     0 | D:1      | 0 ||| qw: Melee chars always use a shield: true
     0 | D:1      | 0 ||| qw: God list: Okawaru
     0 | D:1      | 0 ||| qw: Allow faded altars: false
     0 | D:1      | 0 ||| qw: Do Orc after clearing Dungeon:15 true
     0 | D:1      | 0 ||| qw: Do second Lair branch before Depths: true
     0 | D:1      | 0 ||| qw: Lair rune preference: random
     0 | D:1      | 0 ||| qw: Goals: Normal
     0 | D:1      | 0 ||| PLANNING D:1-11
    10 | D:1      | Reached skill level 3 in Dodging
   216 | D:1      | Reached XP level 2. HP: 14/14 MP: 3/3
   710 | D:1      | 710 ||| UPGRADING to amulet of regeneration.
   715 | D:1      | 715 ||| READING scroll labelled CAQIPPIMEWI.
   715 | D:1      | 715 ||| IDENTIFYING orange potion
   716 | D:1      | 716 ||| READING scroll labelled QOLAZOYNAN.
   717 | D:1      | 717 ||| READING scroll labelled SAQUZA YRAIME.
   722 | D:1      | 722 ||| READING scroll labelled ESOJEPT KEROPT.
   723 | D:1      | 723 ||| READING scroll labelled NELUOJ DOTOYGH.
   723 | D:1      | 723 ||| ENCHANTING +0 shortbow.
   724 | D:1      | 724 ||| DROPPING scroll of butterflies.
   771 | D:2      | Identified the amulet of Fun {Spirit Stlth+}
   869 | D:2      | Reached XP level 3. HP: 18/18 MP: 4/4
   873 | D:2      | Found Xeiweurghi's Magic Scroll Shoppe.
   882 | D:2      | 882 ||| SHOPLISTING scroll of acquirement (572 gold, have
                  | 98).
   882 | D:2      | 882 ||| BUYING scroll of identify (22 gold).
   882 | D:2      | Bought a scroll of identify for 22 gold pieces
   882 | D:2      | 882 ||| BUYING scroll of identify (22 gold).
   882 | D:2      | Bought a scroll of identify for 22 gold pieces
   992 | D:2      | Reached skill level 5 in Ranged Weapons
   992 | D:2      | Reached XP level 4. HP: 22/22 MP: 5/5
   992 | D:2      | Found a glowing golden altar of the Shining One.
  1076 | D:2      | Found a faded altar of an unknown god.
  1223 | D:2      | Noticed Jessica
  1227 | D:2      | Killed Jessica
  1344 | D:2      | 1344 ||| UPGRADING to +2 robe of fire resistance.
  1354 | D:2      | 1354 ||| DROPPING +0 robe.
  1355 | D:2      | 1355 ||| DROPPING amulet of Fun {Spirit Stlth+}.
  1356 | D:2      | 1356 ||| UPGRADING to +5 ring of evasion.
  1357 | D:2      | 1357 ||| READING 2 scrolls of identify.
  1357 | D:2      | 1357 ||| IDENTIFYING smoky sapphire potion
  1358 | D:2      | 1358 ||| READING scroll of identify.
  1358 | D:2      | 1358 ||| IDENTIFYING golden potion
  1359 | D:2      | 1359 ||| READING scroll labelled HUYSEL NIECK.
  1360 | D:2      | 1360 ||| DROPPING potion of lignification.
  1361 | D:2      | 1361 ||| DROPPING potion of magic.
  1662 | D:3      | Found a white marble altar of Elyvilon.
  1662 | D:3      | Found a shimmering blue altar of Sif Muna.
  2279 | D:3      | Found an opulent altar of Gozag.
  2289 | D:3      | 2289 ||| DROPPING ring of magical power.
  2290 | D:3      | 2290 ||| READING scroll labelled KAERIO DUNEF.
  2316 | D:4      | Found Nitoreug's Antique Weapon Emporium.
  2386 | D:4      | Found an ancient bone altar of Kikubaaqudgha.
  2467 | D:4      | 2467 ||| RETREEEEATING.
  2469 | D:4      | Reached XP level 5. HP: 26/26 MP: 6/6
  2693 | D:4      | Noticed Natasha
  2701 | D:4      | Killed Natasha
  2744 | D:4      | 2744 ||| DROPPING scarf of shadows.
  2745 | D:4      | 2745 ||| UPGRADING to ring of protection from fire.
  2758 | D:5      | Entered Level 5 of the Dungeon
  2809 | D:5      | Reached skill level 6 in Ranged Weapons
  2847 | D:5      | Reached XP level 6. HP: 30/30 MP: 7/7
  2863 | D:5      | Reached skill level 6 in Dodging
  2917 | D:5      | 2917 ||| RETREEEEATING.
  2919 | D:5      | 2919 ||| RETREEEEATING.
  2923 | D:5      | 2923 ||| RETREEEEATING.
  2924 | D:5      | 2924 ||| RETREEEEATING.
  2925 | D:5      | 2925 ||| RETREEEEATING.
  2939 | D:5      | HP: 7/30 [killer bee (7)]
  2940 | D:5      | 2940 ||| READING scroll of teleportation.
  2941 | D:5      | 2941 ||| DRINKING 5 potions of heal wounds.
  2946 | D:5      | Reached skill level 7 in Ranged Weapons
  2950 | D:5      | HP: 7/30 [poisoned by a killer bee]
  2950 | D:5      | HP: 3/30 [killer bee (4)]
  2950 | D:5      | Slain by a killer bee

Levels and vault maps discovered:
D:1:      dpeg_arrival_prison, layout_loops_ring
D:2:      layout_basic, hellmonk_ecumenical_altar_blasted, basic_altar,
          serial_shops, shop, hex_intersection, minmay_misc_feat_x, uniq_jessica
D:3:      layout_basic, lemuel_tele_altar, gammafunk_temple_overflow_elements,
          dreamdust_princess_bridge
D:4:      layout_rooms, lemuel_crystal_altar, serial_shops,
          nicolae_shop_rolling_square, uniq_natasha
D:5:      layout_gridville

Skill      XL: |  1  2  3  4  5  6 |
---------------+-------------------+-----
Dodging        | 3 4 5 6 |  6.0
Ranged Weapons | 5 6 7 |  7.0
Fighting       | 2 |  2.2
Stealth        | |  1.5

Action                     |  1- 3 |  4- 6 || total
---------------------------+-------+-------++-------
   Fire: Shortbow          |    93 |   158 ||   251
    Use: Scroll            |     5 |     5 ||    10
         Potion            |       |     1 ||     1
 Armour: Robe              |     7 |    26 ||    33
  Dodge: Dodged            |    41 |   142 ||   183

Table legend:
 A = Non-vault XP
 B = Vault XP
 C = Vault XP percentage of total XP
 D = Non-vault monster count
 E = Vault monster count
 F = Vault count percentage of total count
                 A         B        C        D         E       F
            +---------+---------+-------+---------+---------+-------
      Total |     648 |      79 |  10.9 |      58 |       6 |   9.4
            +---------+---------+-------+---------+---------+-------
        D:1 |      17 |       7 |  29.2 |      11 |       4 |  26.7
        D:2 |      95 |      37 |  28.0 |      16 |       1 |   5.9
        D:3 |      22 |       0 |   0.0 |       7 |       0 |   0.0
        D:4 |     122 |      35 |  22.3 |      15 |       1 |   6.2
        D:5 |     392 |       0 |   0.0 |       9 |       0 |   0.0
            +---------+---------+-------+---------+---------+-------
